Predators vs Canadiens

Created - April 20, 2022 at 19:03

Goals
1 2 3 T
Predators 1 0 1 2
Canadiens 3 1 0 4
Shots
1 2 3 T
Predators 12 9 10 31
Canadiens 12 9 9 30

1st period

1. Canadiens , Nick Spaling 7 (Jordan Szwarz 11) at 1:39
2. Canadiens , Jean-Gabriel Pageau 14 (Mark Stuart 16, Bryce Lampman 14) at 3:44 (PP)
3. Canadiens , Daniel Carcillo 11 (Mats Zuccarello 10, Dave Bolland 13) at 5:39
4. Predators , Mikael Granlund 32 (Alexander Ovechkin 32, John Moore 12) at 8:39

Penalties :
Justin Faulk (Nas) for Hooking (Minor) at 3:31, Alexander Edler (Nas) for Kneeing (Minor) at 9:03, Justin Faulk (Nas) for Holding (Minor) at 14:21, Phil Kessel (Mon) for Roughing (Minor) at 18:10

2nd period

5. Canadiens , Nick Spaling 8 (Jordan Szwarz 12) at 18:57

Penalties :
Phil Kessel (Mon) for Slashing (Minor) at 10:51, Brad Boyes (Nas) for Hooking (Minor) at 15:07

3rd period

6. Predators , Alexander Edler 9 (Brendan Gallagher 11, Jaden Schwartz 17) at 8:40 (PP)

Penalties :
Phil Kessel (Mon) for Cross-checking (Minor) at 0:07, Jean-Gabriel Pageau (Mon) for High sticking (Minor) at 3:01, Cam Fowler (Mon) for Tripping (Minor) at 7:23, Alexander Edler (Nas) for Interference (Minor) at 9:59

Goalie Stats

Jaroslav Halak (Nas), 26 saves from 30 shots - (0.867), L, 10-10-0, 60:00 minutes
Kristers Gudlevskis (Mon), 29 saves from 31 shots - (0.935), W, 25-16-4, 60:00 minutes

Players Stats for Predators

Player Name              G  A  P  +/- PIM S  H  SB GA TA FO     MP     PP MP  PK MP  
------------------------------------------------------------------------------------
Alexander Edler          1  0  1   0  4   2  2  1  0  1  0/0    25:08   6:19   2:03 
Alexander Ovechkin       0  1  1   1  0   1  2  0  0  0  1/4    21:34   5:12   4:02 
Andy Miele               0  0  0   1  0   0  3  0  1  0  15/24  17:55   5:12   0:12 
Brad Boyes               0  0  0  -1  2   6  1  0  0  0  0/0    10:49   0:14   0:00 
Brendan Gallagher        0  1  1  -1  0   3  1  0  3  0  1/2    17:57   3:47   2:24 
Chris Higgins            0  0  0  -1  0   0  1  0  0  0  0/0     9:32   0:00   1:23 
Denis Grebeshkov         0  0  0   0  0   0  0  0  3  0  0/0    21:15   2:54   3:38 
Jack Eichel              0  0  0  -1  0   1  1  0  0  0  7/11   12:29   0:00   1:38 
Jaden Schwartz           0  1  1  -1  0   1  0  0  2  0  1/3    17:57   3:47   2:24 
John Moore               0  1  1   0  0   0  0  2  0  0  0/0    21:04   2:54   3:27 
Justin Abdelkader        0  0  0  -1  0   1  0  1  0  0  1/1    10:37   0:14   0:00 
Justin Faulk             0  0  0  -2  4   1  0  0  1  1  0/0    11:25   0:00   0:09 
Mark Pysyk               0  0  0  -1  0   1  1  0  0  0  0/0     7:30   0:00   0:00 
Mikael Granlund          1  0  1   1  0   6  2  0  0  0  0/2    22:01   5:26   4:15 
Nate Schmidt             0  0  0  -2  0   0  0  1  0  0  0/0    14:08   0:00   2:19 
Ryan Kesler              0  0  0  -1  0   1  0  0  0  0  9/10   15:12   3:47   0:00 
Ryan Mcdonagh            0  0  0   0  0   5  2  2  1  2  0/0    27:43   6:19   4:42 
Scott Laughton           0  0  0  -1  0   2  0  0  0  0  2/3     7:30   0:00   0:00 

Players Stats for Canadiens

Player Name              G  A  P  +/- PIM S  H  SB GA TA FO     MP     PP MP  PK MP  
------------------------------------------------------------------------------------
Brian Dumoulin           0  0  0   1  0   0  0  0  0  1  0/0    10:10   0:00   0:00 
Bryce Lampman            0  1  1   1  0   1  0  1  0  3  0/0    22:39   3:54   3:36 
Cam Fowler               0  0  0   0  2   1  0  2  0  0  0/0    26:51   4:15   5:18 
Chad Larose              0  0  0   2  0   0  2  0  0  1  0/0     8:26   0:17   2:27 
Chris Kreider            0  0  0   0  0   7  0  0  1  1  1/2    20:49   3:45   4:41 
Daniel Carcillo          1  0  1   1  0   3  1  1  1  0  0/0    11:51   0:00   0:11 
Dave Bolland             0  1  1   1  0   3  0  0  0  0  1/8    13:37   0:17   1:37 
Greg Stewart             0  0  0  -1  0   2  1  0  0  0  1/1    18:54   4:07   1:54 
Jean-Gabriel Pageau      1  0  1  -1  2   3  0  0  1  0  10/29  21:12   4:07   3:52 
John Carlson             0  0  0   0  0   0  2  1  0  1  0/0    25:10   4:15   3:36 
Jordan Szwarz            0  2  2   2  0   0  0  1  0  0  0/0     6:33   0:35   0:00 
Mark Stuart              0  1  1   0  0   1  0  1  0  0  0/0    24:54   3:54   5:21 
Mats Zuccarello          0  1  1   1  0   1  0  0  0  0  0/1    11:17   0:00   0:00 
Mika Zibanejad           0  0  0   0  0   3  1  0  0  2  8/16   19:40   3:45   3:36 
Nick Spaling             2  0  2   2  0   2  0  0  0  0  1/2     5:28   0:00   0:08 
Phil Kessel              0  0  0  -1  6   2  1  2  1  2  0/0    16:57   4:02   0:00 
Philip Larsen            0  0  0   2  0   0  0  1  0  0  0/0    10:15   0:00   0:35 
Steve Downie             0  0  0   0  0   1  1  0  0  0  1/1    15:59   3:32   0:00 

3 Stars

1 - Nick Spaling (Mon)
2 - Jordan Szwarz (Mon)
3 - Daniel Carcillo (Mon)

Power Play

Predators - 1 on 5 Attempt(s) - 20.00%
Canadiens - 1 on 5 Attempt(s) - 20.00%

Penalty Kill

Predators - 4 on 5 Attempt(s) - 80.00% - Score 0 goal in Penalty Kill
Canadiens - 4 on 5 Attempt(s) - 80.00% - Score 0 goal in Penalty Kill

Team Stat

Predators - Hits : 16 - Faceoff Wins : 37 - Blocked Shots : 7 - Penalty Minutes : 10
Canadiens - Hits : 9 - Faceoff Wins : 23 - Blocked Shots : 10 - Penalty Minutes : 10

Official

Referees : Kendrick Nicholson and Kelly Sutherland
Linesman : Pierre Racicot and Matt MacPherson

Game Notes

9:35 of 3rd period - Predators goal is going for a video replay. After video review, No Goal. The net was displaced accidentally.

Finance

Level 1 -- Attendance: 6000 (100.00%) -- Ticket Income $600,000
Level 2 -- Attendance: 5000 (100.00%) -- Ticket Income $300,000
Level 3 -- Attendance: 2000 (100.00%) -- Ticket Income $70,000
Level 4 -- Attendance: 4000 (100.00%) -- Ticket Income $100,000
Luxury Box -- Attendance: 1000 (100.00%) -- Ticket Income $200,000
Game was played at the Centre Bell.
Total Attendance: 18000 (100.00%)
Total Ticket Income: $1,270,000
Other Income: $190,500
Total Income: $1,460,500

Predators

5 vs 5 Forward 
   Center                   Left Wing                Right Wing               Time % Phy DF OF 
 1 Andy Miele               Alexander Ovechkin       Mikael Granlund          40     1   2  2  
 2 Ryan Kesler              Jaden Schwartz           Brendan Gallagher        30     1   2  2  
 3 Jack Eichel              Justin Abdelkader        Brad Boyes               20     1   2  2  
 4 Scott Laughton           Chris Higgins            Mark Pysyk               10     1   2  2  

5 vs 5 Defense 
   Defense                  Defense                                           Time % Phy DF OF 
 1 Ryan Mcdonagh            Alexander Edler                                   40     1   2  2  
 2 John Moore               Denis Grebeshkov                                  30     1   2  2  
 3 Justin Faulk             Nate Schmidt                                      20     1   2  2  
 4 Ryan Mcdonagh            Alexander Edler                                   10     1   2  2  

PowerPlay Forward 
   Center                   Left Wing                Right Wing               Time % Phy DF OF 
 1 Andy Miele               Alexander Ovechkin       Mikael Granlund          60     1   2  2  
 2 Ryan Kesler              Jaden Schwartz           Brendan Gallagher        40     1   2  2  

PowerPlay Defense
   Defense                  Defense                                           Time % Phy DF OF 
 1 Ryan Mcdonagh            Alexander Edler                                   60     1   2  2  
 2 John Moore               Denis Grebeshkov                                  40     1   2  2  

Penalty Kill 4 Players Forward 
   Center                   Wing                     Time % Phy DF OF 
 1 Alexander Ovechkin       Mikael Granlund          60     1   2  2  
 2 Brendan Gallagher        Jaden Schwartz           40     1   2  2  

Penalty Kill 4 Players Defense
   Defense                  Defense                  Time % Phy DF OF 
 1 Ryan Mcdonagh            Alexander Edler          60     1   2  2  
 2 John Moore               Denis Grebeshkov         40     1   2  2  

Penalty Kill - 3 Players Forward 
   Forward                                           Time % Phy DF OF 
 1 Alexander Ovechkin                                60     1   2  2  
 2 Mikael Granlund                                   40     1   2  2  

Penalty Kill - 3 Players Defense
   Defense                  Defense                  Time % Phy DF OF 
 1 Ryan Mcdonagh            Alexander Edler          60     1   2  2  
 2 John Moore               Denis Grebeshkov         40     1   2  2  

4 vs 4 Forward 
   Center                   Wing                     Time % Phy DF OF 
 1 Alexander Ovechkin       Mikael Granlund          60     1   2  2  
 2 Brendan Gallagher        Jaden Schwartz           40     1   2  2  

4 vs 4 Defense
   Defense                  Defense                  Time % Phy DF OF 
 1 Ryan Mcdonagh            Alexander Edler          60     1   2  2  
 2 John Moore               Denis Grebeshkov         40     1   2  2  

Last Minutes Offensive
   Center                   Left Wing                Right Wing               Defense                  Defense                  
   Andy Miele               Alexander Ovechkin       Mikael Granlund          Ryan Mcdonagh            Alexander Edler          

Last Minutes Defensive
   Center                   Left Wing                Right Wing               Defense                  Defense                  
   Andy Miele               Alexander Ovechkin       Mikael Granlund          Ryan Mcdonagh            Alexander Edler          

Goaltenders
Starting : Jaroslav Halak           
Backup : Kari Lehtonen            

Extra Forwards
Normal : Brad Boyes, Justin Abdelkader, Jack Eichel - PP : Brad Boyes, Justin Abdelkader - PK : Jack Eichel
Extra Defensemen
Normal : Justin Faulk, Nate Schmidt, John Moore - PP : Justin Faulk - PK : Nate Schmidt, John Moore
Penalty Shots
Alexander Ovechkin, Mikael Granlund, Brendan Gallagher, Jaden Schwartz, Brad Boyes

Scratches
Mike Brown (Healthy)

Canadiens

5 vs 5 Forward 
   Center                   Left Wing                Right Wing               Time % Phy DF OF 
 1 Mika Zibanejad           Chris Kreider            Steve Downie             35     0   1  4  
 2 Jean-Gabriel Pageau      Greg Stewart             Phil Kessel              35     0   1  4  
 3 Dave Bolland             Daniel Carcillo          Mats Zuccarello          25     0   2  3  
 4 Nick Spaling             Chad Larose              Jordan Szwarz            5      0   3  2  

5 vs 5 Defense 
   Defense                  Defense                                           Time % Phy DF OF 
 1 Mark Stuart              Cam Fowler                                        40     0   2  3  
 2 Bryce Lampman            John Carlson                                      35     0   3  2  
 3 Philip Larsen            Brian Dumoulin                                    15     0   3  2  
 4 Cam Fowler               John Carlson                                      10     0   2  3  

PowerPlay Forward 
   Center                   Left Wing                Right Wing               Time % Phy DF OF 
 1 Mika Zibanejad           Chris Kreider            Phil Kessel              50     0   1  4  
 2 Jean-Gabriel Pageau      Greg Stewart             Steve Downie             50     0   1  4  

PowerPlay Defense
   Defense                  Defense                                           Time % Phy DF OF 
 1 Cam Fowler               John Carlson                                      50     0   1  4  
 2 Bryce Lampman            Mark Stuart                                       50     0   1  4  

Penalty Kill 4 Players Forward 
   Center                   Wing                     Time % Phy DF OF 
 1 Jean-Gabriel Pageau      Chris Kreider            60     0   3  2  
 2 Mika Zibanejad           Greg Stewart             40     0   3  2  

Penalty Kill 4 Players Defense
   Defense                  Defense                  Time % Phy DF OF 
 1 Cam Fowler               Mark Stuart              60     0   3  2  
 2 Bryce Lampman            John Carlson             40     0   3  2  

Penalty Kill - 3 Players Forward 
   Forward                                           Time % Phy DF OF 
 1 Jean-Gabriel Pageau                               60     1   4  0  
 2 Nick Spaling                                      40     0   4  1  

Penalty Kill - 3 Players Defense
   Defense                  Defense                  Time % Phy DF OF 
 1 Cam Fowler               Philip Larsen            60     0   4  1  
 2 Bryce Lampman            Mark Stuart              40     0   4  1  

4 vs 4 Forward 
   Center                   Wing                     Time % Phy DF OF 
 1 Jean-Gabriel Pageau      Chris Kreider            60     0   2  3  
 2 Mika Zibanejad           Greg Stewart             40     0   2  3  

4 vs 4 Defense
   Defense                  Defense                  Time % Phy DF OF 
 1 Cam Fowler               John Carlson             60     0   2  3  
 2 Bryce Lampman            Mark Stuart              40     0   2  3  

Last Minutes Offensive
   Center                   Left Wing                Right Wing               Defense                  Defense                  
   Mika Zibanejad           Chris Kreider            Phil Kessel              Cam Fowler               John Carlson             

Last Minutes Defensive
   Center                   Left Wing                Right Wing               Defense                  Defense                  
   Jean-Gabriel Pageau      Chris Kreider            Phil Kessel              Cam Fowler               Mark Stuart              

Goaltenders
Starting : Kristers Gudlevskis      
Backup : Allen York               

Extra Forwards
Normal : Mika Zibanejad, Steve Downie, Daniel Carcillo - PP : Mika Zibanejad, Steve Downie - PK : Mika Zibanejad
Extra Defensemen
Normal : Mark Stuart, Philip Larsen, Brian Dumoulin - PP : Mark Stuart - PK : Mark Stuart, Philip Larsen
Penalty Shots
Chris Kreider, Mika Zibanejad, Phil Kessel, Greg Stewart, Mats Zuccarello

Scratches
None


% Time on Ice - Predators

Lines # - Real PCT - Wanted PCT - Time Play
Normal Forward
1 - 31% - 40% - 13:08
2 - 28% - 30% - 11:46
3 - 24% - 20% - 10:14
4 - 18% - 10% - 7:30
Normal Defense
1 - 36% - 40% - 15:31
2 - 34% - 30% - 14:37
3 - 26% - 20% - 11:13
4 - 3% - 10% - 1:17
PP Forward
1 - 59% - 60% - 5:26
2 - 41% - 40% - 3:47
PP Defense
1 - 69% - 60% - 6:19
2 - 31% - 40% - 2:54
PK Forward
1 - 71% - 60% - 5:45
2 - 29% - 40% - 2:24
PK Defense
1 - 58% - 60% - 4:46
2 - 42% - 40% - 3:23
PK3 Forward
1 - 0% - 60%
2 - 0% - 40%
PK3 Defense
1 - 0% - 60%
2 - 0% - 40%
44 Forward
1 - 0% - 60%
2 - 0% - 40%
44 Defense
1 - 0% - 60%
2 - 0% - 40%
Last Minute Offensive  - 0:00
Last Minute Defensive  - 0:00
Total
Forward - 60:00
Defense - 60:00

% Time on Ice - Canadiens

Lines # - Real PCT - Wanted PCT - Time Play
Normal Forward
1 - 29% - 35% - 12:33
2 - 32% - 35% - 13:28
3 - 26% - 25% - 11:17
4 - 13% - 5% - 5:20
Normal Defense
1 - 34% - 40% - 14:38
2 - 35% - 35% - 15:08
3 - 23% - 15% - 9:40
4 - 8% - 10% - 3:12
PP Forward
1 - 49% - 50% - 4:02
2 - 51% - 50% - 4:07
PP Defense
1 - 52% - 50% - 4:15
2 - 48% - 50% - 3:54
PK Forward
1 - 79% - 60% - 7:19
2 - 21% - 40% - 1:54
PK Defense
1 - 61% - 60% - 5:37
2 - 39% - 40% - 3:36
PK3 Forward
1 - 0% - 60%
2 - 0% - 40%
PK3 Defense
1 - 0% - 60%
2 - 0% - 40%
44 Forward
1 - 0% - 60%
2 - 0% - 40%
44 Defense
1 - 0% - 60%
2 - 0% - 40%
Last Minute Offensive  - 0:00
Last Minute Defensive  - 0:00
Total
Forward - 60:00
Defense - 60:00

Play-by-Play

1st period


0:01 of 1st period - Andy Miele wins face-off versus Mika Zibanejad in neutral zone.
0:08 of 1st period - Mikael Granlund is hit by Steve Downie and loses puck.
0:19 of 1st period - Cam Fowler is hit by Ryan Mcdonagh.
0:37 of 1st period - Snap shot by Ryan Kesler.
0:37 of 1st period - Deflect By Mark Stuart.
0:37 of 1st period - Shot Misses the Net.
0:37 of 1st period - Puck is out of play.
0:38 of 1st period - Ryan Kesler wins face-off versus Dave Bolland in Canadiens zone.
1:25 of 1st period - Slapshot by Nick Spaling.
1:25 of 1st period - Shot Misses the Net.
1:27 of 1st period - Slapshot by Philip Larsen.
1:27 of 1st period - Deflect By Nick Spaling.
1:27 of 1st period - Shot Misses the Net.
1:27 of 1st period - Puck is out of play.
1:28 of 1st period - Nick Spaling wins face-off versus Scott Laughton in Predators zone.
1:37 of 1st period - Wrist shot by Jordan Szwarz.
1:37 of 1st period - Shot Misses the Net.
1:39 of 1st period - Wrist shot by Nick Spaling.
1:39 of 1st period - Goal by Nick Spaling - Predators : 0 - Canadiens : 1.
1:40 of 1st period - Mika Zibanejad wins face-off versus Andy Miele in neutral zone.
1:47 of 1st period - Snap shot by Chris Kreider.
1:47 of 1st period - Deflect By Mika Zibanejad.
1:47 of 1st period - Stopped by Jaroslav Halak without a rebound.
1:48 of 1st period - Andy Miele wins face-off versus Mika Zibanejad in Predators zone.
2:07 of 1st period - Wrist shot by Andy Miele.
2:07 of 1st period - Shot Misses the Net.
2:15 of 1st period - Wrist shot by Mika Zibanejad.
2:15 of 1st period - Stopped by Jaroslav Halak with a rebound.
3:16 of 1st period - Off-side.
3:17 of 1st period - Greg Stewart wins face-off versus Jaden Schwartz in neutral zone.
3:31 of 1st period - Minor Penalty to Justin Faulk for Hooking.
3:32 of 1st period - Jean-Gabriel Pageau wins face-off versus Brendan Gallagher in Predators zone.
3:38 of 1st period - Snap shot by Jean-Gabriel Pageau.
3:38 of 1st period - Shot Blocked by John Moore.
3:40 of 1st period - Wrist shot by Jean-Gabriel Pageau.
3:40 of 1st period - Stopped by Jaroslav Halak with a rebound.
3:42 of 1st period - Snap shot by Bryce Lampman.
3:42 of 1st period - Stopped by Jaroslav Halak with a rebound.
3:44 of 1st period - Snap shot by Mark Stuart.
3:44 of 1st period - Deflect By Jean-Gabriel Pageau.
3:44 of 1st period - Goal by Jean-Gabriel Pageau - Predators : 0 - Canadiens : 2.
3:45 of 1st period - Jack Eichel wins face-off versus Dave Bolland in neutral zone.
4:39 of 1st period - Alexander Edler is hit by Chad Larose and loses puck.
5:01 of 1st period - Slapshot by Chris Higgins.
5:01 of 1st period - Deflect By Scott Laughton.
5:01 of 1st period - Stopped by Kristers Gudlevskis without a rebound.
5:02 of 1st period - Ryan Kesler wins face-off versus Jean-Gabriel Pageau in Canadiens zone.
5:03 of 1st period - Backhand shot by Jaden Schwartz.
5:03 of 1st period - Shot Blocked by Cam Fowler.
5:37 of 1st period - Wrist shot by Mats Zuccarello.
5:37 of 1st period - Stopped by Jaroslav Halak with a rebound.
5:39 of 1st period - Wrist shot by Daniel Carcillo.
5:39 of 1st period - Goal by Daniel Carcillo - Predators : 0 - Canadiens : 3.
5:40 of 1st period - Ryan Kesler wins face-off versus Jean-Gabriel Pageau in neutral zone.
6:06 of 1st period - Denis Grebeshkov is hit by Daniel Carcillo and loses puck.
6:29 of 1st period - Slapshot by Alexander Ovechkin.
6:29 of 1st period - Stopped by Kristers Gudlevskis with a rebound.
6:51 of 1st period - Slapshot by Ryan Mcdonagh.
6:51 of 1st period - Stopped by Kristers Gudlevskis with a rebound.
7:21 of 1st period - Snap shot by Brendan Gallagher.
7:21 of 1st period - Shot Misses the Net.
7:59 of 1st period - Backhand shot by Phil Kessel.
7:59 of 1st period - Stopped by Jaroslav Halak without a rebound.
8:00 of 1st period - Andy Miele wins face-off versus Jean-Gabriel Pageau in Predators zone.
8:39 of 1st period - Snap shot by Mikael Granlund.
8:39 of 1st period - Goal by Mikael Granlund - Predators : 1 - Canadiens : 3.
8:40 of 1st period - Ryan Kesler wins face-off versus Mats Zuccarello in neutral zone.
8:45 of 1st period - Snap shot by Jaden Schwartz.
8:45 of 1st period - Shot Blocked by John Carlson.
9:03 of 1st period - Minor Penalty to Alexander Edler for Kneeing.
9:04 of 1st period - Alexander Ovechkin wins face-off versus Mika Zibanejad in Predators zone.
9:13 of 1st period - Wrist shot by Chris Kreider.
9:13 of 1st period - Stopped by Jaroslav Halak without a rebound.
9:14 of 1st period - Mika Zibanejad wins face-off versus Mikael Granlund in Predators zone.
10:11 of 1st period - Slapshot by Phil Kessel.
10:11 of 1st period - Deflect By Chris Kreider.
10:11 of 1st period - Stopped by Jaroslav Halak with a rebound.
10:13 of 1st period - Slapshot by Cam Fowler.
10:13 of 1st period - Stopped by Jaroslav Halak without a rebound.
10:14 of 1st period - Brendan Gallagher wins face-off versus Jean-Gabriel Pageau in Predators zone.
10:41 of 1st period - Greg Stewart is hit by Jack Eichel and loses puck.
10:46 of 1st period - Slapshot by Ryan Mcdonagh.
10:46 of 1st period - Stopped by Kristers Gudlevskis without a rebound.
10:47 of 1st period - Jack Eichel wins face-off versus Jean-Gabriel Pageau in Canadiens zone.
11:00 of 1st period - Snap shot by Chris Higgins.
11:00 of 1st period - Shot Misses the Net.
11:02 of 1st period - Wrist shot by Ryan Mcdonagh.
11:02 of 1st period - Shot Misses the Net.
11:03 of 1st period - Penalty to Alexander Edler is over, Alexander Edler is back on ice.
11:28 of 1st period - Wrist shot by Jack Eichel.
11:28 of 1st period - Stopped by Kristers Gudlevskis with a rebound.
11:49 of 1st period - Slapshot by Ryan Mcdonagh.
11:49 of 1st period - Shot Blocked by Jordan Szwarz.
12:21 of 1st period - Jean-Gabriel Pageau is hit by Andy Miele and loses puck.
12:36 of 1st period - Snap shot by Brendan Gallagher.
12:36 of 1st period - Stopped by Kristers Gudlevskis with a rebound.
12:38 of 1st period - Slapshot by Alexander Edler.
12:38 of 1st period - Stopped by Kristers Gudlevskis with a rebound.
12:52 of 1st period - Daniel Carcillo is hit by Andy Miele and loses puck.
13:34 of 1st period - Icing by Denis Grebeshkov.
13:35 of 1st period - Jack Eichel wins face-off versus Jean-Gabriel Pageau in Predators zone.
13:40 of 1st period - Snap shot by Jaden Schwartz.
13:40 of 1st period - Stopped by Kristers Gudlevskis without a rebound.
13:41 of 1st period - Jean-Gabriel Pageau wins face-off versus Jaden Schwartz in Canadiens zone.
14:18 of 1st period - Snap shot by Jean-Gabriel Pageau.
14:18 of 1st period - Deflect By Phil Kessel.
14:18 of 1st period - Shot Misses the Net.
14:18 of 1st period - Puck is out of play.
14:19 of 1st period - Andy Miele wins face-off versus Mika Zibanejad in Predators zone.
14:21 of 1st period - Minor Penalty to Justin Faulk for Holding.
14:22 of 1st period - Jean-Gabriel Pageau wins face-off versus Alexander Ovechkin in Predators zone.
16:21 of 1st period - Penalty to Justin Faulk is over, Justin Faulk is back on ice.
16:57 of 1st period - Snap shot by Jordan Szwarz.
16:57 of 1st period - Shot Blocked by Justin Abdelkader.
17:55 of 1st period - Wrist shot by Brad Boyes.
17:55 of 1st period - Stopped by Kristers Gudlevskis without a rebound.
17:56 of 1st period - Jack Eichel wins face-off versus Jean-Gabriel Pageau in Canadiens zone.
17:57 of 1st period - Slapshot by Justin Abdelkader.
17:57 of 1st period - Stopped by Kristers Gudlevskis with a rebound.
17:59 of 1st period - Slapshot by Justin Abdelkader.
17:59 of 1st period - Shot Misses the Net.
18:01 of 1st period - Wrist shot by Brad Boyes.
18:01 of 1st period - Stopped by Kristers Gudlevskis with a rebound.
18:10 of 1st period - Minor Penalty to Phil Kessel for Roughing.
18:11 of 1st period - Andy Miele wins face-off versus Jean-Gabriel Pageau in Canadiens zone.
19:20 of 1st period - Bryce Lampman is hit by Brendan Gallagher and loses puck.
Goals for this period are 1 for Predators vs 3 for Canadiens.
Shots for this period are 12 for Predators vs 12 for Canadiens.

2nd period


0:01 of 2nd period - Jean-Gabriel Pageau wins face-off versus Andy Miele in neutral zone.
0:10 of 2nd period - Penalty to Phil Kessel is over, Phil Kessel is back on ice.
0:14 of 2nd period - Snap shot by Andy Miele.
0:14 of 2nd period - Shot Misses the Net.
0:30 of 2nd period - Wrist shot by Jaden Schwartz.
0:30 of 2nd period - Shot Blocked by Daniel Carcillo.
0:32 of 2nd period - Slapshot by John Moore.
0:32 of 2nd period - Shot Misses the Net.
1:02 of 2nd period - Mika Zibanejad is hit by Mark Pysyk and loses puck.
1:39 of 2nd period - Wrist shot by Brendan Gallagher.
1:39 of 2nd period - Stopped by Kristers Gudlevskis without a rebound.
1:40 of 2nd period - Ryan Kesler wins face-off versus Dave Bolland in Canadiens zone.
1:49 of 2nd period - Wrist shot by Ryan Kesler.
1:49 of 2nd period - Stopped by Kristers Gudlevskis without a rebound.
1:50 of 2nd period - Dave Bolland wins face-off versus Andy Miele in Canadiens zone.
2:08 of 2nd period - Icing by Mats Zuccarello.
2:09 of 2nd period - Ryan Kesler wins face-off versus Dave Bolland in Canadiens zone.
3:09 of 2nd period - Snap shot by Dave Bolland.
3:09 of 2nd period - Shot Misses the Net.
3:19 of 2nd period - Snap shot by Dave Bolland.
3:19 of 2nd period - Deflect By Daniel Carcillo.
3:19 of 2nd period - Shot Misses the Net.
3:19 of 2nd period - Puck is out of play.
3:20 of 2nd period - Mika Zibanejad wins face-off versus Andy Miele in Predators zone.
3:21 of 2nd period - Wrist shot by Chris Kreider.
3:21 of 2nd period - Shot Blocked by Ryan Mcdonagh.
3:23 of 2nd period - Slapshot by Mark Stuart.
3:23 of 2nd period - Stopped by Jaroslav Halak with a rebound.
3:25 of 2nd period - Slapshot by Cam Fowler.
3:25 of 2nd period - Deflect By Chris Kreider.
3:25 of 2nd period - Shot Misses the Net.
3:25 of 2nd period - Puck is out of play.
3:26 of 2nd period - Mika Zibanejad wins face-off versus Andy Miele in Predators zone.
3:27 of 2nd period - Snap shot by Chris Kreider.
3:27 of 2nd period - Stopped by Jaroslav Halak with a rebound.
3:29 of 2nd period - Slapshot by Mark Stuart.
3:29 of 2nd period - Deflect By Steve Downie.
3:29 of 2nd period - Shot Misses the Net.
3:29 of 2nd period - Puck is out of play.
3:30 of 2nd period - Mika Zibanejad wins face-off versus Mikael Granlund in Predators zone.
3:33 of 2nd period - Wrist shot by Mika Zibanejad.
3:33 of 2nd period - Deflect By Mikael Granlund.
3:33 of 2nd period - Shot Misses the Net.
3:33 of 2nd period - Puck is out of play.
3:34 of 2nd period - Andy Miele wins face-off versus Mika Zibanejad in Predators zone.
3:47 of 2nd period - Snap shot by Andy Miele.
3:47 of 2nd period - Shot Misses the Net.
3:49 of 2nd period - Slapshot by Alexander Edler.
3:49 of 2nd period - Shot Misses the Net.
3:51 of 2nd period - Slapshot by Ryan Mcdonagh.
3:51 of 2nd period - Stopped by Kristers Gudlevskis without a rebound.
3:52 of 2nd period - Justin Abdelkader wins face-off versus Jean-Gabriel Pageau in Canadiens zone.
3:55 of 2nd period - Snap shot by Brad Boyes.
3:55 of 2nd period - Stopped by Kristers Gudlevskis without a rebound.
3:56 of 2nd period - Jean-Gabriel Pageau wins face-off versus Jack Eichel in Canadiens zone.
4:11 of 2nd period - Slapshot by Brad Boyes.
4:11 of 2nd period - Stopped by Kristers Gudlevskis with a rebound.
4:31 of 2nd period - Snap shot by Chris Kreider.
4:31 of 2nd period - Stopped by Jaroslav Halak without a rebound.
4:32 of 2nd period - Jaden Schwartz wins face-off versus Jean-Gabriel Pageau in Predators zone.
4:59 of 2nd period - Bryce Lampman is hit by Andy Miele and loses puck.
5:28 of 2nd period - Snap shot by Brad Boyes.
5:28 of 2nd period - Stopped by Kristers Gudlevskis with a rebound.
5:30 of 2nd period - Snap shot by Brad Boyes.
5:30 of 2nd period - Stopped by Kristers Gudlevskis without a rebound.
5:31 of 2nd period - Andy Miele wins face-off versus Jean-Gabriel Pageau in Canadiens zone.
5:40 of 2nd period - Snap shot by Andy Miele.
5:40 of 2nd period - Deflect By Mikael Granlund.
5:40 of 2nd period - Stopped by Kristers Gudlevskis with a rebound.
5:42 of 2nd period - Slapshot by Ryan Mcdonagh.
5:42 of 2nd period - Shot Blocked by Phil Kessel.
5:44 of 2nd period - Slapshot by Ryan Mcdonagh.
5:44 of 2nd period - Stopped by Kristers Gudlevskis without a rebound.
5:45 of 2nd period - Andy Miele wins face-off versus Mika Zibanejad in Canadiens zone.
5:58 of 2nd period - Mark Stuart is hit by Alexander Ovechkin.
6:20 of 2nd period - Slapshot by John Carlson.
6:20 of 2nd period - Shot Misses the Net.
6:22 of 2nd period - Snap shot by Mats Zuccarello.
6:22 of 2nd period - Shot Misses the Net.
6:24 of 2nd period - Snap shot by Dave Bolland.
6:24 of 2nd period - Shot Misses the Net.
6:26 of 2nd period - Snap shot by Dave Bolland.
6:26 of 2nd period - Stopped by Jaroslav Halak without a rebound.
6:27 of 2nd period - Ryan Kesler wins face-off versus Mika Zibanejad in Predators zone.
6:42 of 2nd period - Wrist shot by Mika Zibanejad.
6:42 of 2nd period - Shot Misses the Net.
8:25 of 2nd period - Snap shot by Greg Stewart.
8:25 of 2nd period - Shot Misses the Net.
9:34 of 2nd period - Snap shot by Jaden Schwartz.
9:34 of 2nd period - Shot Misses the Net.
9:43 of 2nd period - Icing by Bryce Lampman.
9:44 of 2nd period - Jack Eichel wins face-off versus Nick Spaling in Canadiens zone.
10:23 of 2nd period - Wrist shot by Chris Kreider.
10:23 of 2nd period - Shot Blocked by Alexander Edler.
10:51 of 2nd period - Minor Penalty to Phil Kessel for Slashing.
10:52 of 2nd period - Andy Miele wins face-off versus Jean-Gabriel Pageau in Canadiens zone.
12:15 of 2nd period - Jaden Schwartz is hit by John Carlson and loses puck.
12:51 of 2nd period - Penalty to Phil Kessel is over, Phil Kessel is back on ice.
14:02 of 2nd period - Scott Laughton is hit by Greg Stewart and loses puck.
14:07 of 2nd period - Slapshot by Jean-Gabriel Pageau.
14:07 of 2nd period - Stopped by Jaroslav Halak without a rebound.
14:08 of 2nd period - Jean-Gabriel Pageau wins face-off versus Jack Eichel in Predators zone.
14:09 of 2nd period - Snap shot by Greg Stewart.
14:09 of 2nd period - Stopped by Jaroslav Halak without a rebound.
14:10 of 2nd period - Mika Zibanejad wins face-off versus Jack Eichel in Predators zone.
14:11 of 2nd period - Snap shot by Chris Kreider.
14:11 of 2nd period - Stopped by Jaroslav Halak without a rebound.
14:12 of 2nd period - Chris Kreider wins face-off versus Jack Eichel in Predators zone.
14:58 of 2nd period - Slapshot by Steve Downie.
14:58 of 2nd period - Stopped by Jaroslav Halak with a rebound.
15:07 of 2nd period - Minor Penalty to Brad Boyes for Hooking.
15:08 of 2nd period - Jean-Gabriel Pageau wins face-off versus Alexander Ovechkin in Predators zone.
16:01 of 2nd period - Wrist shot by Ryan Mcdonagh.
16:01 of 2nd period - Shot Blocked by Phil Kessel.
17:07 of 2nd period - Penalty to Brad Boyes is over, Brad Boyes is back on ice.
17:07 of 2nd period - Bryce Lampman is hit by Ryan Mcdonagh and loses puck.
17:44 of 2nd period - Jack Eichel is hit by Chad Larose and loses puck.
18:57 of 2nd period - Snap shot by Nick Spaling.
18:57 of 2nd period - Goal by Nick Spaling - Predators : 1 - Canadiens : 4.
18:58 of 2nd period - Jean-Gabriel Pageau wins face-off versus Andy Miele in neutral zone.
19:10 of 2nd period - Off-side.
19:11 of 2nd period - Jean-Gabriel Pageau wins face-off versus Andy Miele in neutral zone.
19:11 of 2nd period - Jean-Gabriel Pageau is hit by Mikael Granlund.
Goals for this period are 0 for Predators vs 1 for Canadiens.
Shots for this period are 9 for Predators vs 9 for Canadiens.

3rd period


0:01 of 3rd period - Andy Miele wins face-off versus Jean-Gabriel Pageau in neutral zone.
0:07 of 3rd period - Minor Penalty to Phil Kessel for Cross-checking.
0:08 of 3rd period - Andy Miele wins face-off versus Jean-Gabriel Pageau in Canadiens zone.
1:48 of 3rd period - Cam Fowler is hit by Alexander Edler and loses puck.
2:07 of 3rd period - Penalty to Phil Kessel is over, Phil Kessel is back on ice.
3:01 of 3rd period - Minor Penalty to Jean-Gabriel Pageau for High sticking.
3:02 of 3rd period - Mika Zibanejad wins face-off versus Andy Miele in Canadiens zone.
3:13 of 3rd period - Snap shot by Alexander Edler.
3:13 of 3rd period - Shot Blocked by Cam Fowler.
3:15 of 3rd period - Slapshot by Alexander Ovechkin.
3:15 of 3rd period - Shot Misses the Net.
3:17 of 3rd period - Wrist shot by Andy Miele.
3:17 of 3rd period - Shot Misses the Net.
3:19 of 3rd period - Wrist shot by Alexander Edler.
3:19 of 3rd period - Deflect By Mikael Granlund.
3:19 of 3rd period - Stopped by Kristers Gudlevskis with a rebound.
4:09 of 3rd period - Chris Kreider is hit by Alexander Edler and loses puck.
4:26 of 3rd period - Cam Fowler is hit by Alexander Ovechkin and loses puck.
5:01 of 3rd period - Penalty to Jean-Gabriel Pageau is over, Jean-Gabriel Pageau is back on ice.
5:11 of 3rd period - Wrist shot by Scott Laughton.
5:11 of 3rd period - Stopped by Kristers Gudlevskis without a rebound.
5:12 of 3rd period - Scott Laughton wins face-off versus Jean-Gabriel Pageau in Canadiens zone.
6:21 of 3rd period - Snap shot by Phil Kessel.
6:21 of 3rd period - Stopped by Jaroslav Halak with a rebound.
6:24 of 3rd period - Icing by Justin Faulk.
6:25 of 3rd period - Scott Laughton wins face-off versus Mika Zibanejad in Predators zone.
6:34 of 3rd period - Snap shot by Justin Faulk.
6:34 of 3rd period - Shot Blocked by Mark Stuart.
6:36 of 3rd period - Snap shot by Mark Pysyk.
6:36 of 3rd period - Stopped by Kristers Gudlevskis with a rebound.
6:38 of 3rd period - Slapshot by Justin Faulk.
6:38 of 3rd period - Stopped by Kristers Gudlevskis with a rebound.
7:23 of 3rd period - Minor Penalty to Cam Fowler for Tripping.
7:24 of 3rd period - Andy Miele wins face-off versus Jean-Gabriel Pageau in Canadiens zone.
7:28 of 3rd period - Snap shot by Andy Miele.
7:28 of 3rd period - Shot Blocked by Bryce Lampman.
7:30 of 3rd period - Slapshot by Ryan Mcdonagh.
7:30 of 3rd period - Shot Misses the Net.
7:32 of 3rd period - Slapshot by Ryan Mcdonagh.
7:32 of 3rd period - Stopped by Kristers Gudlevskis without a rebound.
7:33 of 3rd period - Andy Miele wins face-off versus Jean-Gabriel Pageau in Canadiens zone.
8:09 of 3rd period - Mika Zibanejad is hit by Mikael Granlund and loses puck.
8:38 of 3rd period - Wrist shot by Brendan Gallagher.
8:38 of 3rd period - Stopped by Kristers Gudlevskis with a rebound.
8:40 of 3rd period - Slapshot by Alexander Edler.
8:40 of 3rd period - Goal by Alexander Edler - Predators : 2 - Canadiens : 4.
8:41 of 3rd period - Jean-Gabriel Pageau wins face-off versus Ryan Kesler in neutral zone.
9:09 of 3rd period - Snap shot by Chris Kreider.
9:09 of 3rd period - Shot Misses the Net.
9:27 of 3rd period - Wrist shot by Mikael Granlund.
9:27 of 3rd period - Shot Misses the Net.
9:29 of 3rd period - Wrist shot by Mikael Granlund.
9:29 of 3rd period - Stopped by Kristers Gudlevskis with a rebound.
9:35 of 3rd period - Snap shot by Mikael Granlund.
9:35 of 3rd period - Predators goal is going for a video replay.
9:35 of 3rd period - The goal is refused. The net was displaced accidentally..
9:36 of 3rd period - Ryan Kesler wins face-off versus Jean-Gabriel Pageau in Canadiens zone.
9:41 of 3rd period - Wrist shot by Jaden Schwartz.
9:41 of 3rd period - Shot Misses the Net.
9:59 of 3rd period - Minor Penalty to Alexander Edler for Interference.
10:00 of 3rd period - Steve Downie wins face-off versus Alexander Ovechkin in Predators zone.
10:07 of 3rd period - Slapshot by Greg Stewart.
10:07 of 3rd period - Shot Blocked by Ryan Mcdonagh.
10:09 of 3rd period - Slapshot by Mark Stuart.
10:09 of 3rd period - Shot Misses the Net.
10:11 of 3rd period - Wrist shot by Jean-Gabriel Pageau.
10:11 of 3rd period - Shot Blocked by Nate Schmidt.
10:29 of 3rd period - Nate Schmidt is hit by Mika Zibanejad and loses puck.
10:40 of 3rd period - Snap shot by Chris Kreider.
10:40 of 3rd period - Stopped by Jaroslav Halak with a rebound.
11:33 of 3rd period - Jean-Gabriel Pageau is hit by Chris Higgins and loses puck.
11:59 of 3rd period - Penalty to Alexander Edler is over, Alexander Edler is back on ice.
12:16 of 3rd period - Snap shot by Dave Bolland.
12:16 of 3rd period - Shot Misses the Net.
12:18 of 3rd period - Snap shot by Mats Zuccarello.
12:18 of 3rd period - Deflect By Daniel Carcillo.
12:18 of 3rd period - Stopped by Jaroslav Halak with a rebound.
14:08 of 3rd period - Icing by Mikael Granlund.
14:09 of 3rd period - Andy Miele wins face-off versus Jean-Gabriel Pageau in Predators zone.
14:28 of 3rd period - Slapshot by Alexander Ovechkin.
14:28 of 3rd period - Shot Blocked by Philip Larsen.
14:30 of 3rd period - Slapshot by John Moore.
14:30 of 3rd period - Shot Misses the Net.
14:32 of 3rd period - Slapshot by Denis Grebeshkov.
14:32 of 3rd period - Deflect By Mikael Granlund.
14:32 of 3rd period - Stopped by Kristers Gudlevskis with a rebound.
14:34 of 3rd period - Wrist shot by Mikael Granlund.
14:34 of 3rd period - Deflect By Brian Dumoulin.
14:34 of 3rd period - Shot Misses the Net.
14:34 of 3rd period - Puck is out of play.
14:35 of 3rd period - Ryan Kesler wins face-off versus Chris Kreider in Canadiens zone.
14:42 of 3rd period - Wrist shot by Brendan Gallagher.
14:42 of 3rd period - Shot Misses the Net.
14:50 of 3rd period - Slapshot by Jaden Schwartz.
14:50 of 3rd period - Shot Misses the Net.
15:10 of 3rd period - Alexander Edler is hit by Phil Kessel and loses puck.
15:17 of 3rd period - Wrist shot by Greg Stewart.
15:17 of 3rd period - Stopped by Jaroslav Halak without a rebound.
15:18 of 3rd period - Jack Eichel wins face-off versus Dave Bolland in Predators zone.
15:18 of 3rd period - Jack Eichel is hit by John Carlson.
15:26 of 3rd period - Wrist shot by Daniel Carcillo.
15:26 of 3rd period - Deflect By Dave Bolland.
15:26 of 3rd period - Shot Misses the Net.
15:26 of 3rd period - Puck is out of play.
15:27 of 3rd period - Jack Eichel wins face-off versus Dave Bolland in Predators zone.
16:16 of 3rd period - Slapshot by John Carlson.
16:16 of 3rd period - Shot Misses the Net.
16:18 of 3rd period - Slapshot by John Carlson.
16:18 of 3rd period - Shot Blocked by John Moore.
16:45 of 3rd period - Icing by Mats Zuccarello.
16:46 of 3rd period - Andy Miele wins face-off versus Dave Bolland in Canadiens zone.
16:53 of 3rd period - Snap shot by Dave Bolland.
16:53 of 3rd period - Stopped by Jaroslav Halak with a rebound.
16:57 of 3rd period - Wrist shot by Dave Bolland.
16:57 of 3rd period - Stopped by Jaroslav Halak with a rebound.
16:59 of 3rd period - Snap shot by Daniel Carcillo.
16:59 of 3rd period - Stopped by Jaroslav Halak without a rebound.
17:00 of 3rd period - Mika Zibanejad wins face-off versus Andy Miele in Predators zone.
17:07 of 3rd period - Slapshot by Chris Kreider.
17:07 of 3rd period - Stopped by Jaroslav Halak with a rebound.
17:09 of 3rd period - Snap shot by Mika Zibanejad.
17:09 of 3rd period - Stopped by Jaroslav Halak with a rebound.
19:20 of 3rd period - Mark Stuart is hit by Brad Boyes and loses puck.
Goals for this period are 1 for Predators vs 0 for Canadiens.
Shots for this period are 10 for Predators vs 9 for Canadiens.